[Event "Championnat de France Universitaire Nan"]
[Site "Nancy, France"]
[Date "2020.02.08"]
[Round "4.3"]
[White "Daeschler, Florian"]
[Black "Noir, Mathys"]
[Result "1/2-1/2"]
[WhiteElo "2327"]
[BlackElo "1883"]
[PlyCount "128"]
[EventDate "2020.??.??"]
[TimeControl "15+5"]
[WhiteClock "0:00:11"]
[BlackClock "0:00:08"]

1. d4 Nf6 2. c4 g6 3. g3 Bg7 4. Bg2 d6 5. Nc3 O-O 6. Nf3 Nbd7 7. O-O e5 8. e4 Qe7 9. h3 h6 10. Be3 Kh7 11. Qc2 Rg8 12. Rad1 Nf8 13. b4 Be6 14. dxe5 dxe5 15. Bc5 Qe8 16. Nb5 b6 17. Nxc7 Qc6 18. Bxf8 Raxf8 19. Nxe6 Qxe6 20. Nd2 Rc8 21. Rc1 Rgd8 22. Nb3 Bf8 23. a3 a5 24. Qc3 Rd7 25.
Rc2 Rcd8 26. Rd2 a4 27. Rxd7 Qxd7 28. Nc1 Qd4 29. Qc2 Rc8 30.
Qxa4 Qxc4 31. Qb3 Qxb3 32. Nxb3 Rc3 33. Rb1 b5 34. Kf1 Be7 35.
Ke1 Rc2 36. Nd2 Bd8 37. Bf1 Bb6 38. Bxb5 Bxf2+ 39. Kd1 Ra2 40.
Rb3 Ra1+ 41. Ke2 Be1 42. Bd3 Bxg3 43. Bb1 Bf4 44. b5 Nd7 45. b6 Nxb6 46. Rxb6 Rxa3 47. Rb3 Ra6 48. Nf3 Rc6 49. Rb7 Kg7 50. Ne1 g5 51. Ba2 Rf6 52. Nd3 h5 53. Nb4 g4 54. hxg4 hxg4 55. Nd5 Ra6 56. Bc4 Ra4 57. Nb6 Rb4 58. Rxf7+ Kg6 59. Rf6+ Kg5 60. Rc6 Rb2+ 61. Kf1 Be3 62. Nd5 Bd4 63. Rc7 g3 64. Rg7+ Kh5 1/2-1/2

[Event "Championnat de France Universitaire Nan"]
[Site "Nancy, France"]
[Date "2020.02.08"]
[Round "4.4"]
[White "Albaric, Etienne"]
[Black "Defromont, Benjamin"]
[Result "1-0"]
[WhiteElo "2258"]
[BlackElo "2263"]
[PlyCount "97"]
[EventDate "2020.??.??"]
[TimeControl "15+5"]
[WhiteClock "0:00:35"]
[BlackClock "0:00:22"]

1. e4 e5 2. Bc4 Nc6 3. Nf3 g6 4. d4 exd4 5. Bg5 Be7 6. h4 h6 7. Bf4 Bc5 8. c3 Nf6 9. cxd4 Bb4+ 10. Nc3 Nxe4 11. O-O Bxc3 12. bxc3 d5 13. Re1 O-O 14. Bxh6 Re8 15. Bd3 Bg4 16. Qc1 Qd7 17. Bxe4 Rxe4 18. Rxe4 dxe4 19. Nh2 Qf5 20. Qe3 Bh5 21. Re1 Re8 22. f3 Qa5 23.
Qf4 Qf5 24. g4 Qxf4 25. Bxf4 g5 26. Bxg5 Bg6 27. h5 Bh7 28. f4 Na5 29. Nf3 Nc4 30. Ne5 Nxe5 31. dxe5 Kg7 32. Bf6+ Kf8 33. f5 Rc8 34. Rxe4 Ke8 35. e6 fxe6 36. Rxe6+ Kf7 37. Re7+ Kxf6 38. Rxh7 Rg8 39. Rh6+ Ke5 40. Rg6 Rd8 41. Kf2 Kf4 42. Ke2 Ke4 43. h6 Kf4 44. h7 Re8+ 45.
Kf2 Rd8 46. Rg8 Rd2+ 47. Ke1 Rxa2 48. h8=Q Ke3 49. Qh3+ 1-0

[Event "Championnat de France Universitaire Nan"]
[Site "Nancy, France"]
[Date "2020.02.08"]
[Round "4.5"]
[White "Porsia, Enzo"]
[Black "Budak, Rewi"]
[Result "0-1"]
[WhiteElo "1752"]
[BlackElo "2079"]
[PlyCount "62"]
[EventDate "2020.??.??"]
[TimeControl "15+5"]
[WhiteClock "0:01:24"]
[BlackClock "0:01:08"]

1. e4 c5 2. Nf3 Nc6 3. Bb5 Nf6 4. Nc3 Nd4 5. e5 Nxb5 6. Nxb5 Nd5 7. O-O a6 8. Nc3 Nxc3 9. bxc3 g6 10. d4 cxd4 11. cxd4 Bg7 12. Bb2 O-O 13. c4 b5 14. cxb5 axb5 15. d5 d6 16. Qb3 Bg4 17. exd6 Qxd6 18. Bxg7 Kxg7 19. Qxb5 Bxf3 20. gxf3 Rfb8 21. Qd3 Rb4 22. Kg2 Rh4 23. Qc3+ f6 24. Rh1 Ra3 25. Qe1 Rh5 26. f4 Qxd5+ 27. Kg1 Qd7 28. Rd1 Qg4+ 29. Kf1 Qh3+ 30. Kg1 Kh6 31. Qxe7 Qg4+ 0-1

[Event "Championnat de France Universitaire Nan"]
[Site "Nancy, France"]
[Date "2020.02.08"]
[Round "4.6"]
[White "Lambert, Thomas"]
[Black "Rey, Gaetan"]
[Result "1-0"]
[WhiteElo "1988"]
[BlackElo "1824"]
[PlyCount "63"]
[EventDate "2020.??.??"]
[TimeControl "15+5"]
[WhiteClock "0:03:59"]
[BlackClock "0:00:46"]

1. e4 c5 2. Nf3 e6 3. d4 cxd4 4. Nxd4 a6 5. Bd3 Qc7 6. c4 Nc6 7. Nb3 b6 8.
O-O Bb7 9. Nc3 Nf6 10. Be3 Ne5 11. Na4 Nxd3 12. Qxd3 Bxe4 13. Qe2 Rb8 14. c5 Bxg2 15. Kxg2 Qc6+ 16. Qf3 Qxa4 17. cxb6 d5 18. Qg3 Qg4 19. a4 Bd6 20. Qxg4 Nxg4 21. a5 Kd7 22. Bc5 Rhc8 23. Bxd6 Kxd6 24. Rac1 Ne5 25. Nd2 Nd3 26. Rb1 Rc2 27. Rfd1 Kc6 28. b4 f5 29. Nb3 Rc3 30. Nd4+ Kd6 31. b5 Nf4+ 32. Kf1 1-0

[Event "Championnat de France Universitaire Nan"]
[Site "Nancy, France"]
[Date "2020.02.08"]
[Round "4.7"]
[White "Ginovart, Axel"]
[Black "Gatineau, Yovann"]
[Result "0-1"]
[WhiteElo "2164"]
[BlackElo "2381"]
[PlyCount "85"]
[EventDate "2020.??.??"]
[TimeControl "15+5"]
[WhiteClock "0:00:11"]
[BlackClock "0:04:15"]

1. e4 e5 2. Nf3 Nc6 3. d4 exd4 4. Nxd4 Bb4+ 5. Bd2 Qe7 6. Nxc6 Qxe4+ 7. Be2 Bxd2+ 8. Qxd2 Qxc6 9. O-O Ne7 10. Bf3 d5 11. Nc3 Be6 12. Qg5 Kf8 13. Rad1 f6 14. Qe3 Kf7 15. Rfe1 Rhe8 16. Qd4 Qb6 17. Qh4 Ng6 18. Qg3 c6 19. b3 Rad8 20. Ne2 Bf5 21. c3 Ne5 22. Nd4 Bg6 23.
Bg4 Nxg4 24. Qxg4 c5 25. Rxe8 Rxe8 26. Qd7+ Kf8 27. Nf5 Bxf5 28.
Qxf5 Qe6 29. Qxe6 Rxe6 30. Kf1 Rd6 31. Ke2 Ke7 32. Kd3 Re6 33.
b4 c4+ 34. Kc2 Re2+ 35. Rd2 Rxd2+ 36. Kxd2 Ke6 37. Ke3 b6 38. g4 g5 39. Kd4 Kd6 40. a4 Ke6 41. a5 Kd6 42. h3 Ke6 43. axb6 0-1

[Event "Championnat de France Universitaire Nan"]
[Site "Nancy, France"]
[Date "2020.02.08"]
[Round "4.8"]
[White "Geronimi, Pierre-Francois"]
[Black "Roch, Florian"]
[Result "1-0"]
[WhiteElo "2070"]
[BlackElo "1959"]
[PlyCount "79"]
[EventDate "2020.??.??"]
[TimeControl "15+5"]
[WhiteClock "0:01:52"]
[BlackClock "0:00:11"]

1. e4 c5 2. Nf3 d6 3. d4 cxd4 4. Nxd4 Nf6 5. Bd3 g6 6. O-O Bg7 7. c3 O-O 8.
Qe2 a6 9. a4 Qc7 10. Ra3 b6 11. f3 Nbd7 12. Be3 Bb7 13. Nd2 Rfe8 14. b4 d5 15. Bf2 e5 16. Nc2 dxe4 17. Nxe4 Nd5 18. Rd1 Nf4 19. Qf1 Nxd3 20. Qxd3 Bxe4 21. Qxe4 Rad8 22. Qe3 Nf6 23. Rxd8 Rxd8 24. Qe1 Qd6 25. Ne3 e4 26. Ra1 exf3 27. Rd1 Qc7 28. Rxd8+ Qxd8 29. gxf3 h5 30. Qd1 Qc7 31. Qd3 Qf4 32. Kg2 h4 33. h3 Nh5 34. Qd8+ Bf8 35.
Qxh4 Qc7 36. Nd5 Qe5 37. Qe4 Qg5+ 38. Kf1 Bd6 39. Qe8+ Kg7 40.
Bd4+ 1-0

[Event "Championnat de France Universitaire Nan"]
[Site "Nancy, France"]
[Date "2020.02.08"]
[Round "5.1"]
[White "Rakotomaharo, Fy Antenaina"]
[Black "Albaric, Etienne"]
[Result "1-0"]
[WhiteElo "2430"]
[BlackElo "2258"]
[PlyCount "59"]
[EventDate "2020.??.??"]
[TimeControl "15+5"]
[WhiteClock "0:01:07"]
[BlackClock "0:00:07"]

1. d4 Nf6 2. Nf3 e6 3. Bf4 c5 4. e3 Be7 5. Nbd2 O-O 6. Bd3 b6 7. O-O Bb7 8. c3 Nh5 9. Bg3 f5 10. Qc2 g5 11. Bxb8 Rxb8 12. g4 Ng7 13.
gxf5 Nxf5 14. e4 Ng7 15. d5 Qe8 16. c4 Qh5 17. Ne5 Bd6 18. Qc3 g4 19. f4 Rxf4 20. Nxd7 Qh3 21. e5 g3 22. Bxh7+ Kh8 23. hxg3 Rxf1+ 24. Rxf1 exd5 25. cxd5 Bxd5 26. Be4 Bxe4 27. Nxe4 Rd8 28. exd6 Rxd7 29. Qf6 Qh5 30. Qf8+ 1-0

[Event "Championnat de France Universitaire Nan"]
[Site "Nancy, France"]
[Date "2020.02.08"]
[Round "5.2"]
[White "Budak, Rewi"]
[Black "Msellek, Ilyass"]
[Result "1/2-1/2"]
[WhiteElo "2079"]
[BlackElo "2261"]
[PlyCount "28"]
[EventDate "2020.??.??"]
[TimeControl "15+5"]
[WhiteClock "0:05:01"]
[BlackClock "0:10:42"]

1. e4 c5 2. d4 cxd4 3. Nf3 e6 4. c3 Nf6 5. e5 Nd5 6. cxd4 b6 7. Bd3 Ba6 8. Bxa6 Nxa6 9. Qe2 Nab4 10. O-O Rc8 11. Nc3 Nxc3 12. bxc3 Rxc3 13. Bg5 Be7 14. Rac1 Rxc1
1/2-1/2

[Event "Championnat de France Universitaire Nan"]
[Site "Nancy, France"]
[Date "2020.02.08"]
[Round "5.3"]
[White "Gatineau, Yovann"]
[Black "Daeschler, Florian"]
[Result "1-0"]
[WhiteElo "2381"]
[BlackElo "2327"]
[PlyCount "41"]
[EventDate "2020.??.??"]
[TimeControl "15+5"]
[WhiteClock "0:09:26"]
[BlackClock "0:12:08"]

1. Nf3 Nf6 2. c4 e6 3. g3 d5 4. Bg2 Be7 5. O-O O-O 6. b3 c5 7. cxd5 Nxd5 8.
Bb2 Nc6 9. d4 cxd4 10. Nxd4 Nxd4 11. Qxd4 Bf6 12. Qd2 Nf4 13.
Bxf6 Qxf6 14. gxf4 Qxa1 15. Nc3 Qxf1+ 16. Kxf1 e5 17. fxe5 Be6 18. Bxb7 Rad8 19. Qe3 Rd7 20. Bc6 Rc7 21. Nd5 1-0

[Event "Championnat de France Universitaire Nan"]
[Site "Nancy, France"]
[Date "2020.02.08"]
[Round "5.4"]
[White "Noir, Mathys"]
[Black "Lambert, Thomas"]
[Result "0-1"]
[WhiteElo "1883"]
[BlackElo "1988"]
[PlyCount "68"]
[EventDate "2020.??.??"]
[TimeControl "15+5"]
[WhiteClock "0:00:16"]
[BlackClock "0:00:52"]

1. e4 e5 2. Nf3 Nc6 3. Bc4 Bc5 4. c3 Nf6 5. d3 O-O 6. O-O d5 7. exd5 Nxd5 8.
Re1 Bg4 9. h3 Bh5 10. g4 Bg6 11. Nxe5 Nxe5 12. Rxe5 Bxf2+ 13. Kg2 Nb6 14. Qf3 Nxc4 15. dxc4 Bh4 16. Be3 Qd3 17. Rd5 Qxc4 18. Rd4 Qb5 19. Rb4 Qe5 20. Nd2 f5 21. Bf4 Qe7 22. Rxb7 fxg4 23. hxg4 Rad8 24. Qe3 Qxe3 25. Bxe3 Rxd2+ 26. Bxd2 Be4+ 27. Kh3 g5 28.
Rxc7 Rf3+ 29. Kh2 Bg3+ 30. Kg1 Bxc7 31. Re1 Bb6+ 32. Kh2 Rf2+ 33. Kg3 Rg2+ 34. Kh3 Bc7 0-1

[Event "Championnat de France Universitaire Nan"]
[Site "Nancy, France"]
[Date "2020.02.08"]
[Round "5.5"]
[White "Defromont, Benjamin"]
[Black "Buttard, Axel"]
[Result "0-1"]
[WhiteElo "2263"]
[BlackElo "1905"]
[PlyCount "64"]
[EventDate "2020.??.??"]
[TimeControl "15+5"]
[WhiteClock "0:01:13"]
[BlackClock "0:01:44"]

1. e4 e5 2. Nf3 Nc6 3. Bb5 Bc5 4. O-O Nd4 5. Nxd4 Bxd4 6. c3 Bb6 7. d4 c6 8. Ba4 d6 9. Be3 Nf6 10. Nd2 O-O 11. h3 Qe7 12. Bc2 Re8 13. f4 exd4 14. cxd4 Bf5 15. e5 Bxc2 16. Qxc2 Nd5 17. Bf2 Nxf4 18. Rae1 Qg5 19. g3 Nxh3+ 20. Kg2 Nxf2 21. Rxf2 Bxd4 22. Rf5 Qg6 23. Ref1 Bxe5 24. Qb3 Re7 25. Ne4 h6 26. Qf3 Rae8 27. Rf2 Bd4 28. Re2 d5 29. Nc3 Rxe2+ 30. Nxe2 Rxe2+ 31. Qxe2 Qxf5 32. Qe8+ Kh7 0-1

[Event "Championnat de France Universitaire Nan"]
[Site "Nancy, France"]
[Date "2020.02.08"]
[Round "5.6"]
[White "Kajganic, Fabien"]
[Black "Leveque, Guillaume"]
[Result "1-0"]
[WhiteElo "1908"]
[BlackElo "2063"]
[PlyCount "57"]
[EventDate "2020.??.??"]
[TimeControl "15+5"]
[WhiteClock "0:00:24"]
[BlackClock "0:00:33"]

1. e4 c5 2. Nc3 e6 3. g3 g6 4. Bg2 Bg7 5. d3 Nc6 6. Be3 b6 7. Qd2 Nge7 8.
Nge2 O-O 9. Bh6 d5 10. exd5 exd5 11. h4 Bxh6 12. Qxh6 Nf5 13. Qf4 Be6 14. O-O-O Rc8 15. g4 Nfd4 16. h5 Qc7 17. Qh6 Rcd8 18. Nf4 Ne5 19. Ncxd5 Nxg4 20. Nxc7 Nxh6 21. hxg6 Ng4 22. gxh7+ Kh8 23. Rh4 Ne5 24. c3 Nf5 25. Rh5 Rd6 26. Ncxe6 fxe6 27. d4 Ng4 28. Ng6+ Kg7 29. Nxf8 1-0

[Event "Championnat de France Universitaire Nan"]
[Site "Nancy, France"]
[Date "2020.02.08"]
[Round "5.7"]
[White "Condat, Hugo"]
[Black "Geronimi, Pierre-Francois"]
[Result "1/2-1/2"]
[WhiteElo "1946"]
[BlackElo "2070"]
[PlyCount "159"]
[EventDate "2020.??.??"]
[TimeControl "15+5"]
[WhiteClock "0:01:04"]
[BlackClock "0:00:16"]

1. e4 g6 2. d4 Bg7 3. Nc3 c5 4. Nf3 a6 5. Be3 cxd4 6. Bxd4 Nf6 7. Bc4 O-O 8.
O-O Nc6 9. Be3 d6 10. h3 Bd7 11. a4 Rc8 12. Ba2 Qa5 13. Rb1 b5 14. axb5 axb5 15. Bb3 b4 16. Nd5 Nxd5 17. Bxd5 Ne5 18. Nxe5 Bxe5 19. Ra1 Qd8 20. Bd4 Bxd4 21. Qxd4 Rxc2 22. Qxb4 Qb8 23. Qxb8 Rxb8 24. b3 Be6 25. Ra7 Kf8 26. Re1 Rb2 27. Re3 Rc8 28. Rf3 Rc1+ 29. Kh2 Bxd5 30. exd5 Re1 31. Kg3 Kg7 32. Re3 Rxe3+ 33. fxe3 Rxb3 34. Rxe7 Kf6 35. Re8 Rd3 36. Kf4 Rxd5 37. g4 h6 38. Rh8 Kg7 39. Rd8 Rd1 40. Ke4 Rh1 41. Rxd6 Rxh3 42. Kf4 Rh1 43. Ra6 h5 44. gxh5 Rxh5 45. e4 Rh1 46. Ra7 Rf1+ 47. Kg5 Rf6 48. Rb7 Re6 49. Kf4 Kf6 50. Rb5 g5+ 51. Kf3 Kg6 52.
Rc5 Rf6+ 53. Kg3 Rf1 54. Re5 f6 55. Rb5 Re1 56. Kf3 Rf1+ 57. Kg3 Ra1 58. Rc5 Ra3+ 59. Kg4 Ra4 60. Kf3 Ra6 61. Rb5 Re6 62. Ra5 Kh6 63. Ra1 Re5 64. Ra6 Kg6 65. Rb6 Ra5 66. Rc6 Ra3+ 67. Kg4 Re3 68. Rc4 Re1 69. Ra4 Rg1+ 70. Kf3 g4+ 71. Kf2 Rb1 72. Kg3 Rg1+ 73. Kf2 Rc1 74.
Kg3 Rg1+ 75. Kf2 Rh1 76. Kg3 Re1 77. Kxg4 Rxe4+ 78. Rxe4 f5+ 79.
Kf4 fxe4 80. Kxe4 1/2-1/2

[Event "Championnat de France Universitaire Nan"]
[Site "Nancy, France"]
[Date "2020.02.08"]
[Round "5.8"]
[White "Pak, Alexander"]
[Black "Boutillon, Nathanael"]
[Result "1-0"]
[WhiteElo "2183"]
[BlackElo "1900"]
[PlyCount "77"]
[EventDate "2020.??.??"]
[TimeControl "15+5"]
[WhiteClock "0:00:33"]
[BlackClock "0:01:45"]

1. e4 c5 2. Nf3 d6 3. d4 Nf6 4. Nc3 cxd4 5. Nxd4 a6 6. Be2 e5 7. Nb3 Be7 8. O-O O-O 9. Kh1 b5 10. f4 Bb7 11. Bf3 Nbd7 12. a3 Rc8 13.
Be3 Qc7 14. Qe1 Nc5 15. Nd2 Rfd8 16. Qg3 Ne6 17. f5 Nd4 18. Bd1 d5 19. Bh6 Bf8 20. exd5 Nxd5 21. Nxd5 Bxd5 22. Bxg7 Bxg7 23. f6 Ne6 24. fxg7 Nf4 25. Bf3 Qxc2 26. Bxd5 Rxd5 27. Nf3 Rcd8 28. Nxe5 Ng6 29. Nxf7 R8d7 30. Nh6+ Kxg7 31. Qh3 Rd3 32. Nf5+ Kg8 33. Qh6 Rd1 34. Raxd1 Rxd1 35. Ne7+ Kh8 36. Nxg6+ Qxg6 37. Qf8+ Qg8 38.
Qxg8+ Kxg8 39. Rxd1 1-0

[Event "Championnat de France Universitaire Nan"]
[Site "Nancy, France"]
[Date "2020.02.08"]
[Round "6.1"]
[White "Msellek, Ilyass"]
[Black "Rakotomaharo, Fy Antenaina"]
[Result "1/2-1/2"]
[WhiteElo "2261"]
[BlackElo "2430"]
[PlyCount "92"]
[EventDate "2020.??.??"]
[TimeControl "15+5"]
[WhiteClock "0:00:13"]
[BlackClock "0:01:02"]

1. e4 e5 2. Nf3 Nc6 3. Bb5 a6 4. Ba4 d6 5. c3 Bd7 6. O-O g6 7. d4 Bg7 8. dxe5 dxe5 9. Qe2 Qe7 10.
Nbd2 Nf6 11. Bc2 O-O 12. Rd1 Rad8 13. Nc4 h6 14. b3 Rfe8 15. Ba3 Qe6 16. Ne3 Bc8 17. Rxd8 Rxd8 18. Rd1 Bf8 19. Rxd8 Nxd8 20. Bxf8 Kxf8 21. Qd2 Qd6 22. Qc1 b5 23. Nd5 Ng8 24. b4 c6 25. Ne3 Ne6 26. g3 Ng5 27.
Nxg5 hxg5 28. a4 Ne7 29. axb5 cxb5 30. Qd1 Qxd1+ 31. Nxd1 g4 32.
f3 gxf3 33. Kf2 f5 34. Kxf3 Kg7 35. Nf2 Kf6 36. g4 Bb7 37. h4 Nc8 38. Ke3 f4+ 39. Kf3 Nd6 40. Bb3 g5 41. h5 Bc6 42. Bd5 Bb7 43. Bb3 Bc6 44.
Bd5 Bb7 45. Bb3 Bc6 46. Bd5 Bb7 1/2-1/2

[Event "Championnat de France Universitaire Nan"]
[Site "Nancy, France"]
[Date "2020.02.08"]
[Round "6.2"]
[White "Lambert, Thomas"]
[Black "Budak, Rewi"]
[Result "0-1"]
[WhiteElo "1988"]
[BlackElo "2079"]
[PlyCount "64"]
[EventDate "2020.??.??"]
[TimeControl "15+5"]
[WhiteClock "0:00:07"]
[BlackClock "0:00:33"]

1. e4 c5 2. Nf3 Nc6 3. d4 cxd4 4. Nxd4 Qb6 5. Nb3 e6 6. Be3 Qc7 7. Be2 Nf6 8.
N1d2 d5 9. Bf3 Bd6 10. exd5 exd5 11. Nf1 O-O 12. Ng3 Ne5 13. c3 Nxf3+ 14. gxf3 Re8 15. Qd2 a5 16. Nd4 Bf8 17. h4 a4 18. a3 Nd7 19. O-O-O Ne5 20. Nb5 Qb8 21. Qxd5 Be6 22. Qe4 Bb3 23. Rde1 Nc4 24. Qf4 Qd8 25. Nd4 b5 26. Nxb3 axb3 27. Rd1 Qa5 28. Rd7 Ne5 29. Rd5 Bxa3 30.
Rxe5 Qxc3+ 31. Kd1 Rad8+ 32. Ke2 Qd3+ 0-1

[Event "Championnat de France Universitaire Nan"]
[Site "Nancy, France"]
[Date "2020.02.08"]
[Round "6.3"]
[White "Albaric, Etienne"]
[Black "Gatineau, Yovann"]
[Result "1/2-1/2"]
[WhiteElo "2258"]
[BlackElo "2381"]
[PlyCount "132"]
[EventDate "2020.??.??"]
[TimeControl "15+5"]
[WhiteClock "0:00:07"]
[BlackClock "0:00:43"]

1. e4 c5 2. Nf3 d6 3. Bb5+ Nd7 4. O-O a6 5. Bd3 g6 6. a4 Bg7 7. a5 Ngf6 8. c3 O-O 9. Bc2 c4 10. Qe2 Qc7 11. b3 b5 12. axb6 Nxb6 13. bxc4 Nxc4 14. d3 Nb6 15. d4 Bb7 16. Bd3 e5 17. dxe5 dxe5 18. Ba3 Rfd8 19. Nfd2 a5 20. Bb5 Bh6 21. c4 Rac8 22. f3 Bf8 23. Bxf8 Kxf8 24. Rxa5 Nbd5 25. exd5 Qxa5 26. Qxe5 Qb6+ 27. Kh1 Kg7 28. Ne4 Bxd5 29. cxd5 Rxd5 30. Qxf6+ Qxf6 31. Nxf6 Kxf6 32. Ba6 Rc2 33. Re1 Rdc5 34. Kg1 Re5 35. Rf1 Rd5 36. Bb7 Rb5 37. Be4 Rc7 38. Na3 Rb4 39. Nc2 Ra4 40. Ne3 Ke5 41. Nd5 Rc5 42. Nb6 Ra7 43. Rd1 f5 44. Nd7+ Rxd7 45. Rxd7 fxe4 46. Re7+ Kf5 47. Rxe4 Rc2 48. Kf1 h5 49. Re2 Rc3 50. Kf2 Ra3 51. Rb2 h4 52. Rb5+ Kf6 53. f4 Ra2+ 54. Kf3 h3 55. Rb6+ Kf7 56. gxh3 Rxh2 57. Kg4 Rh1 58. Rb3 Kf6 59. h4 Rg1+ 60. Rg3 Ra1 61. Rd3 Rg1+ 62. Kf3 Rh1 63. Rd6+ Kf5 64. Rd5+ Kf6 65. Kg3 Rg1+ 66. Kf3 Rh1 1/2-1/2

[Event "Championnat de France Universitaire Nan"]
[Site "Nancy, France"]
[Date "2020.02.08"]
[Round "6.4"]
[White "Marchais, Antoine"]
[Black "Pak, Alexander"]
[Result "0-1"]
[WhiteElo "2010"]
[BlackElo "2183"]
[PlyCount "133"]
[EventDate "2020.??.??"]
[TimeControl "15+5"]
[WhiteClock "0:03:29"]
[BlackClock "0:01:03"]

1. e4 c5 2. Nc3 d6 3. g3 g6 4. Bg2 Bg7 5. d3 Nc6 6. Be3 e6 7. Qd2 Nge7 8.
Bh6 O-O 9. h4 f5 10. h5 Bxh6 11. Qxh6 Qe8 12. Nf3 Qf7 13. Ng5 Qg7 14. hxg6 Qxh6 15. gxh7+ Kg7 16. Rxh6 Kxh6 17. f4 Bd7 18. Kd2 Kg7 19. Rh1 Nd8 20. exf5 Nxf5 21. g4 Nd4 22. Nce4 Nf7 23. Nxf7 Rxf7 24. c3 Nc6 25. Ke3 d5 26. Ng5 Rf6 27. Bf3 Rh6 28. Rxh6 Kxh6 29. h8=Q+ Rxh8 30. Nf7+ Kg7 31. Nxh8 Kxh8 32. f5 exf5 33. gxf5 Bxf5 34. Bxd5 Bd7 35. d4 cxd4+ 36. cxd4 Kg7 37. a3 Kf6 38. b4 Ke7 39. b5 Nd8 40.
a4 Kd6 41. Be4 b6 42. Kd3 Ne6 43. Kc3 Nf4 44. Bf3 Be6 45. Kb4 Nd5+ 46. Ka3 Ne3 47. Kb4 Bd5 48. Be2 Nf5 49. Kc3 Be4 50. Bc4 Ne3 51. Bf7 Bb7 52. Kb4 Nd5+ 53. Kc4 Nc7 54. Bg6 Ke7 55. Kb4 Kf6 56. Bd3 Kg5 57.
a5 Kf4 58. axb6 axb6 59. Bf1 Ke3 60. Kc4 Bd5+ 61. Kc3 Ne6 62. Bh3 Nxd4 63. Bd7 Ne6 64. Kb4 Kd4 65. Be8 Nf4 66. Bd7 Nd3+ 67. Ka4 0-1

[Event "Championnat de France Universitaire Nan"]
[Site "Nancy, France"]
[Date "2020.02.08"]
[Round "6.5"]
[White "Nassr, Ahmed"]
[Black "Bedini, Lucas"]
[Result "0-1"]
[WhiteElo "2030"]
[BlackElo "1932"]
[PlyCount "42"]
[EventDate "2020.??.??"]
[TimeControl "15+5"]
[WhiteClock "0:06:01"]
[BlackClock "0:07:49"]

1. d4 Nf6 2. Bf4 c5 3. e3 cxd4 4. exd4 Qb6 5. Bc1 Nc6 6. c3 d5 7. Bd3 Bg4 8.
Ne2 O-O-O 9. h3 Bh5 10. Qb3 Qc7 11. Be3 Bg6 12. Bxg6 hxg6 13. Na3 a6 14. O-O-O e6 15. Bf4 Bd6 16. Bxd6 Qxd6 17. Nc2 Ne4 18. f3 Nf2 19. Ne3 Nxh1 20. Rxh1 e5 21. dxe5 Qxe5 0-1

[Event "Championnat de France Universitaire Nan"]
[Site "Nancy, France"]
[Date "2020.02.08"]
[Round "6.6"]
[White "Buttard, Axel"]
[Black "Rey, Gaetan"]
[Result "1-0"]
[WhiteElo "1905"]
[BlackElo "1824"]
[PlyCount "57"]
[EventDate "2020.??.??"]
[TimeControl "15+5"]
[WhiteClock "0:00:09"]
[BlackClock "0:01:07"]

1. d4 Nf6 2. Bf4 c5 3. e3 g6 4. Nf3 Bg7 5. c3 cxd4 6. exd4 O-O 7. Bd3 Nc6 8. O-O d5 9. Re1 a6 10. a4 Nh5 11. Bg5 f6 12. Bh4 Qd6 13.
Nbd2 Kh8 14. Bg3 Nxg3 15. hxg3 e5 16. dxe5 fxe5 17. Bc2 Bg4 18. Qb1 Rae8 19. Nh2 Bc8 20. Qd1 Qc5 21. Qe2 Qb6 22. Rab1 e4 23.
Nhf1 Ne5 24. Nb3 Bg4 25. Qd2 Nc4 26. Qxd5 Qxf2+ 27. Kh1 Nb6 28.
Qd2 Qxg3 29. Nxg3 1-0

[Event "Championnat de France Universitaire Nan"]
[Site "Nancy, France"]
[Date "2020.02.08"]
[Round "6.7"]
[White "Daeschler, Florian"]
[Black "Kajganic, Fabien"]
[Result "1-0"]
[WhiteElo "2327"]
[BlackElo "1908"]
[PlyCount "68"]
[EventDate "2020.??.??"]
[TimeControl "15+5"]
[WhiteClock "0:01:36"]
[BlackClock "0:00:17"]

1. d4 Nf6 2. c4 e6 3. g3 d5 4. Nf3 dxc4 5. Bg2 a6 6. O-O Nc6 7. e3 Rb8 8. Qe2 b5 9. b3 cxb3 10. axb3 Be7 11. Bb2 Bb7 12. Rc1 O-O 13. Ne5 Nxe5 14. Bxb7 Rxb7 15. dxe5 Ne4 16. Qf3 Qd5 17. Rxa6 Nc5 18. Qxd5 exd5 19. Rc6 Nxb3 20. Rxc7 Rxc7 21. Rxc7 Bg5 22. Rb7 Rc8 23.
Rxb5 Nc5 24. Nc3 Nd3 25. Nxd5 h6 26. Bc3 Nc1 27. Kg2 Ne2 28. Bd4 Rc4 29. Bb2 Kh7 30. Rb7 Rc2 31. e6 fxe6 32. Rxg7+ Kh8 33. Rb7+ Kg8 34. Nf6+ Bxf6 1-0

[Event "Championnat de France Universitaire Nan"]
[Site "Nancy, France"]
[Date "2020.02.08"]
[Round "6.8"]
[White "Geronimi, Pierre-Francois"]
[Black "Fischer Schilling, Ian"]
[Result "1-0"]
[WhiteElo "2070"]
[BlackElo "1810"]
[PlyCount "92"]
[EventDate "2020.??.??"]
[TimeControl "15+5"]
[WhiteClock "0:00:18"]
[BlackClock "0:03:45"]

1. e4 c5 2. Nf3 d6 3. d4 cxd4 4. Nxd4 Nf6 5. Bd3 Nc6 6. Nxc6 bxc6 7. O-O g6 8. c3 Bg7 9. a4 a5 10. Ra3 O-O 11. Qe2 Be6 12. b4 d5 13.
Nd2 dxe4 14. Nxe4 Nxe4 15. Bxe4 Bd5 16. b5 Qd6 17. c4 Bxe4 18.
Qxe4 Rfc8 19. Rb3 cxb5 20. cxb5 Ra7 21. Be3 Rd7 22. b6 Rb8 23.
g3 Bd4 24. Rd1 e5 25. b7 Qc7 26. Rc1 Qd6 27. Rc6 Qf8 28. Ra6 Bxe3 29. fxe3 Qc5 30. Rc6 Qe7 31. Rc8+ Rd8 32. Rxd8+ Qxd8 33. Qxe5 h5 34. Rb2 Kf8 35. Kf2 Qe8 36. Qd6+ Kg7 37. Qd4+ Kh7 38. Rb5 Qc6 39. Qb6 Qc2+ 40. Kf3 Qxh2 41. Qc7 Qh1+ 42. Ke2 Qg2+ 43. Kd3 Qf1+ 44. Kd4 Qd1+ 45. Kc5 Qc2+ 46. Kb6 Re8 1-0

[Event "Championnat de France Universitaire Nan"]
[Site "Nancy, France"]
[Date "2020.02.09"]
[Round "7.2"]
[White "Bedini, Lucas"]
[Black "Msellek, Ilyass"]
[Result "0-1"]
[WhiteElo "1932"]
[BlackElo "2261"]
[PlyCount "98"]
[EventDate "2020.??.??"]
[TimeControl "15+5"]
[WhiteClock "0:00:47"]
[BlackClock "0:00:28"]

1. f4 d6 2. b3 e5 3. fxe5 Nc6 4. Nf3 Nxe5 5. e4 Bg4 6. Be2 Bxf3 7. Bxf3 Qh4+ 8. g3 Qf6 9. O-O Nxf3+ 10. Qxf3 Be7 11. Nc3 c6 12. Bb2 h5 13. Rae1 h4 14. Nd1 Qg6 15. Ne3 hxg3 16. Qxg3 Bh4 17. Qxg6 fxg6 18. Re2 Rh7 19. Rg2 Ne7 20.
Ba3 Kd7 21. Nc4 c5 22. Bb2 b5 23. Ne3 Ke6 24. Re2 Bf6 25. Bxf6 gxf6 26. Ng4 Rf8 27. Ref2 f5 28. exf5+ gxf5 29. Ne3 Rh5 30. Ng2 Kd7 31. Nf4 Rh6 32. Rg2 Rfh8 33. Rg7 R8h7 34. Rxh7 Rxh7 35. Kg2 Nc6 36. Rh1 Rh4 37. Ne2 Ne5 38. Rf1 Ke6 39. Nf4+ Kf6 40. Nd5+ Kg5 41. Ne7 f4 42. Nc8 f3+ 43. Kg1 Rg4+ 44. Kh1 Rg2 45. Nxd6 Kf4 46. Rg1 Rxd2 47. Nxb5 Ng4 48. Rxg4+ Kxg4 49. Kg1 Rxc2 0-1

[Event "Championnat de France Universitaire Nan"]
[Site "Nancy, France"]
[Date "2020.02.09"]
[Round "7.3"]
[White "Gatineau, Yovann"]
[Black "Buttard, Axel"]
[Result "1-0"]
[WhiteElo "2381"]
[BlackElo "1905"]
[PlyCount "71"]
[EventDate "2020.??.??"]
[TimeControl "15+5"]
[WhiteClock "0:00:31"]
[BlackClock "0:00:17"]

1. e4 e5 2. Nf3 Nc6 3. Bb5 Bc5 4. O-O Nd4 5. Bc4 Nxf3+ 6. Qxf3 Nf6 7. d3 h6 8. Qg3 Qe7 9. c3 d6 10. b4 Bb6 11. Be3 Be6 12. Nd2 c6 13. a4 Bc7 14. Ba2 Ng4 15. h3 Nxe3 16. fxe3 O-O 17. Nf3 f5 18. Nh4 Bxa2 19. Ng6 Qe6 20. exf5 Qf6 21. Rxa2 d5 22. Nxf8 Rxf8 23. e4 Qf7 24.
Qg6 Qe7 25. Rd2 Rf6 26. Qg3 Bb6+ 27. Kh1 d4 28. cxd4 Bxd4 29. b5 Qb4 30. Rdd1 cxb5 31. axb5 Qxb5 32. Rb1 Qc6 33. Rfc1 Qd7 34. Qe1 Ra6 35. Qb4 b6 36. Qc4+ 1-0